cohdb
Replays
Latest Replays
All Replays
Popular Replays
Top Player Replays
Match Explorer
How It Works
Community
CoH3 Stats
Reddit
Sign in to upload your games and track your stats! →
Sign in with Steam
Match 44099723
Unlisted
Match 44099723
Overview
Messages
Build Orders
End
Construct Infanterie Kompanie
Selects Italian Coastal Battlegroup
Selects Coastal Reserves
MG 42 Machine Gun Team
Coastal Reserve
Coastal Reserve
Coastal Reserve
Construct Panzergrenadier Kompanie
251 Medium Carrier
Medical Bunker
Pak 40 Anti-tank Gun Team
Support Elements
StuG III G Assault Gun
Selects Support Bunkers
Selects Designate Defensive Line
Selects Rapid Fortifications
StuG III G Assault Gun
Selects Bulwark
Selects Artillery Officer
Selects Bulwark
Nebelwerfer 42 Rocket Launcher Team
StuG III G Assault Gun
StuG III G Assault Gun
StuG III G Assault Gun
Selects Obice da 210/22 Artillery Emplacement
Nebelwerfer 42 Rocket Launcher Team
Dancingdeer
Gladiak
Jd577
Chuy704
Sir-Games-A-Lot
Shalef
Reaper
Kubei
0
0
Comments
sign in to comment!
No comments posted yet!